 Dungeon Crawl Stone Soup version 0.28-a0-1567-g1695149f81 (webtiles) character file.

Game seed: 17010929053855274153

106054 miscthings the Thaumaturge (level 16, -32/107 (124) HPs)
             Began as a Djinni Conjurer on Jan 19, 2022.
             Was the Champion of Makhleb.
             Killed from afar by a tengu reaver (43 damage)
             ... with a bolt of negative energy
             ... on level 13 of the Dungeon.
             The game lasted 00:57:50 (21931 turns).

miscthings the Thaumaturge (Djinni Conjurer)       Turns: 21931, Time: 00:57:51

HP:   -32/107 (124) AC: 19    Str:  6    XL:     16   Next: 97%
Gold: 1672          EV: 17    Int: 31    God:    Makhleb [******] SH: 12 Dex: 24

rFire   + + +      SeeInvis +   x - staff of fire
rCold   x . .      Faith    .   M - +0 buckler
rNeg    . . .      Spirit   .   s - +4 ring mail "Buas" {rElec Will+ MP-9}
rPois   ∞          Reflect  +   q - +2 helmet
rElec   +          Harm     .   w - +2 cloak
rCorr   .          Rampage  .   h - +2 pair of gloves {infuse}
Will    ++...                   (boots unavailable)
Stlth   ++........              C - amulet "Zoju" {Reflect Dex+3 SH+5 SInv}
HPRegen 0.27/turn               t - ring of wizardry
MPRegen 0.00/turn               B - ring "Reutolil" {Int+4 Dex+6 Slay+3}

@: flying, heavily drained
A: sickness immunity, fire resistance 2, cold vulnerability 1, float, innate
caster, hp casting, extra vitality 1, clever 1
a: Renounce Religion, Minor Destruction, Lesser Servant of Makhleb, Major
Destruction, Greater Servant of Makhleb


You were on level 13 of the Dungeon.
You worshipped Makhleb.
Makhleb was exalted by your worship.
You visited 4 branches of the dungeon, and saw 22 of its levels.
You visited the Abyss 1 time.
You also visited: Volcano.

You collected 1977 gold pieces.
You spent 305 gold pieces at shops.

Inventory:

Hand Weapons
 K - the +6 rapier of Remyme {spect, rC+ Stlth+}
   (You found it on level 10 of the Dungeon)

   When its wielder attacks, the weapon's spirit leaps out and strikes again.
   The spirit shares a part of any damage it takes with its wielder.
   rC:        It protects you from cold.
   Stlth:     It makes you more stealthy.
Missiles
 k - a throwing net
 v - 9 curare-tipped darts
Armour
 h - a +2 pair of gloves of infusion (worn)
 q - a +2 helmet (worn)
 s - the +4 ring mail "Buas" (worn) {rElec Will+ MP-9}
   (You found it on level 7 of the Dungeon)

   rElec:     It insulates you from electricity.
   MP:        It affects your magic capacity (-9).
   Will:      It increases your willpower.
 w - a +2 cloak (worn)
 D - a +2 troll leather armour {Snorg}
 M - a +0 buckler (worn)
 Q - the +3 leather armour of Beyond {rF+ rC++}
   (You found it on level 11 of the Dungeon)

   rF:        It protects you from fire.
   rC:        It greatly protects you from cold.
Magical Staves
 x - a staff of fire (weapon)
Jewellery
 b - a ring of ice
 g - a ring of fire
 t - a ring of wizardry (left hand)
 A - a ring of positive energy
 B - the ring "Reutolil" (right hand) {Int+4 Dex+6 Slay+3}
   (You found it on level 4 of the Lair of Beasts)

   [ring of dexterity]

   Int:       It affects your intelligence (+4).
   Dex:       It affects your dexterity (+6).
   Slay:      It affects your accuracy & damage with ranged weapons and melee
   (+3).
 C - the amulet "Zoju" (around neck) {Reflect Dex+3 SH+5 SInv}
   (You found it on level 4 of the Lair of Beasts)

   [amulet of reflection]

   It reflects blocked missile attacks.
   Dex:       It affects your dexterity (+3).
   SInv:      It lets you see invisible.
   SH:        It affects your SH (+5).
Wands
 a - a wand of paralysis (14)
 c - a wand of flame (12)
 r - a wand of iceblast (14)
 y - a wand of charming (1)
 H - a wand of polymorph (10)
 O - a wand of digging (6)
Scrolls
 f - 5 scrolls of immolation
 j - a scroll of holy word
 m - 6 scrolls of vulnerability
 p - a scroll of identify {@r1}
 u - a scroll of magic mapping
 z - 2 scrolls of enchant armour
 E - a scroll of silence {unknown}
 L - 2 scrolls of fear {unknown}
 P - 3 scrolls of fog {unknown}
Potions
 d - a potion of resistance
 e - a potion of curing
 i - a potion of heal wounds {unknown}
 l - 3 potions of mutation
 n - 4 potions of lignification
 o - 2 potions of cancellation
 G - 2 potions of haste
 J - a potion of brilliance {unknown}
 N - 2 potions of might
 R - a potion of magic {unknown}
Miscellaneous
 F - a phial of floods
 I - a box of beasts


   Skills:
 * Level 14.3 Fighting
 - Level 5.0 Armour
 + Level 13.6 Dodging
 - Level 1.5 Stealth
 * Level 6.7 Shields
 * Level 14.6 Spellcasting
 - Level 10.0 Evocations


You had 7 spell levels left.
You knew the following spells:

 Your Spells              Type           Power      Damage    Failure   Level
a - Iskenderun's Mystic   Conj/Tloc      85%        2d17      1%          4
b - Magic Dart            Conj           100%       1d8       0%          1
c - Dazzling Flash        Conj/Hex       100%       N/A       1%          3
d - Fulminant Prism       Conj/Hex       42%        3d20      1%          4
e - Searing Ray           Conj           100%       2d8       1%          2
f - Freeze                Ice            100%       1d11      0%          1
g - Static Discharge      Conj/Air       85%        N/A       1%          2
h - Ensorcelled Hibernat  Hex/Ice        100%       N/A       1%          2
i - Vampiric Draining     Necr           85%        2d12      1%          3
j - Anguish               Hex/Necr       42%        N/A       1%          4
x - Statue Form           Tmut/Erth      56%        N/A       1%          6
z - Iskenderun's Battles  Conj           85%        2d13      1%          5
Your spell library was empty.

Dungeon Overview and Level Annotations

Branches:
Dungeon (13/15)            Temple (1/1) D:4            Lair (6/6) D:8
 Shoals (0/4) Lair:3        Snake (0/4) Lair:2        Slime (0/5) Lair:5
    Orc (2/2) D:12         Vaults (0/5) D:13        Volcano (visited)
    Elf: Orc:2

Altars:
Ashenzari
Cheibriados
Dithmenos
Elyvilon
Fedhas
Hepliaklqana
Kikubaaqudgha
Makhleb
Nemelex Xobeh
Okawaru
Qazlal
Ru
Sif Muna
Trog
Uskayaw
Vehumet
Wu Jian
Xom
Yredelemnul
Zin
The Shining One
Beogh

Shops:
D:6 !   D:8 [   Orc:2 *[((


Innate Abilities, Weirdness & Mutations

You are immune to sickness and miasma.
You are immune to poison.
Your flesh is very heat resistant. (rF++)
You are vulnerable to cold. (rC-)
You float through the air rather than walking.
You learn spells naturally, not from books.
Your magical power is your life essence.
You have superior vitality. (+4 MHP)
Your mind is acute. (Int +2)


Message History

You reflect the bolt off an invisible shield around you!
The bolt hits the yaktaur captain!!
You kill the yaktaur captain!
Makhleb accepts your kill.
You feel better.
You see here a very ugly thing skeleton.
You start resting.
A tengu reaver comes into view.
It is wielding a +3 great mace of protection and wearing a +2 ring mail of poison resistance.
Aiming: Fulminant Prism (safe; 1% risk of failure)
Press: ? - help, Q - select action, (/) - cycle Dir - move target You conjure a prism of explosive energy!
The tengu reaver shouts!
A fulminant prism comes into view.
The tengu reaver casts a spell at you.
The bolt of negative energy hits your fulminant prism.
Your fulminant prism completely resists.
The bolt of negative energy hits you!!!
You feel drained.
* * * LOW HITPOINT WARNING * * *
Your fulminant prism crackles loudly.
You see here a scroll of brand weapon.
The tengu reaver gestures at you while chanting.
The bolt of lightning hits your fulminant prism!
Your fulminant prism resists.
The bolt of lightning hits you. You resist.
* * * LOW HITPOINT WARNING * * *
Your fulminant prism explodes!
The blast of energy engulfs the tengu reaver!!
The tengu reaver is heavily wounded.
Okay, then.
You feel better.
Aiming: Fulminant Prism (safe; 1% risk of failure)
Press: ? - help, Q - select action, (/) - cycle Dir - move target You conjure a prism of explosive energy!
* * * LOW HITPOINT WARNING * * *
A fulminant prism comes into view.
The tengu reaver gestures at you while chanting.
The bolt of negative energy hits your fulminant prism.
Your fulminant prism completely resists.
The bolt of negative energy hits you!!!
You feel drained.
You die...

##.#.....#(#########
.#####.#.#..)#)##
#.......#.#.#.#.#
.######Q.#.#.#..#
#...#.#...#
#.Q#÷#.#..##
#.#*#?#.#...
##.#...#.#.##
#.#...@.#.##
##.[#######
##†#."[(# #.##..##
#.#....# #.##†.##
#.#(...# ##..##.#
#.....#


You could see a tengu reaver (ally target) and a friendly fulminant prism.

Vanquished Creatures
  An orc warlord (Orc:2)
  An iron dragon (D:13)
  A very ugly thing (D:13)
  A blizzard demon (Abyss:1)
  Snorg (Lair:5)
  A yaktaur captain (D:13)
  Fannar (Orc:1)
  Erolcha (Orc:1)
  A vault guard (D:13)
  2 boulder beetles (D:13)
  7 hydras
  4 centaur warriors
  2 ogre magi
  A merfolk avatar (Lair:6)
  11 two-headed ogres
  2 catoblepae
  15 death yaks
  A deep elf knight (D:13)
  A shock serpent (shapeshifter) (D:13)
  4 orc high priests (Orc:2)
  Nergalle (D:11)
  A shadow wraith (Abyss:1)
  An anaconda zombie (Abyss:1)
  2 sea snakes (Lair:6)
  Pikel (D:5)
  A deep elf archer (Volcano)
  2 harpies (Lair:6)
  A phantasmal warrior (D:13)
  An oklob plant (Lair:5)
  2 ugly things
  6 deep elf pyromancers (Volcano)
  6 orc knights
  6 manticores
  6 orc sorcerers
  5 cyclopes (D:13)
  19 elephants
  An apocalypse crab (Abyss:1)
  Maurice (D:8)
  4 black mambas
  A black mamba (shapeshifter) (Abyss:1)
  A torpor snail (Lair:6)
  A gargoyle (D:12)
  An unseen horror (D:8)
  10 cane toads
  2 freezing wraiths (D:13)
  An efreet (D:13)
  16 komodo dragons
  8 rime drakes
  9 trolls
  10 polar bears
  3 hornets (Lair:6)
  Prince Ribbit (D:5)
  A wind drake (shapeshifter) (D:13)
  7 slime creatures
  2 wind drakes
  23 blink frogs
  3 dream sheep (Lair:6)
  A meliai zombie (D:11)
  4 snapping turtles (Lair:6)
  2 shadows
  3 wyverns
  7 basilisks
  3 wraiths
  53 yaks
  4 fire elementals (Volcano)
  Grum (D:11)
  3 golden eyes (Abyss:1)
  6 steam dragons
  Menkaure (D:6)
  6 nagas (Lair:2)
  4 vampire mosquitoes (D:10)
  14 water moccasins
  A warg (Orc:2)
  2 large abominations (Abyss:1)
  2 acid dragons (D:11)
  2 hell hounds (Volcano)
  3 black bears
  28 orc warriors
  A sky beast (Abyss:1)
  A hornet zombie (D:8)
  A necrophage (D:8)
  8 ogres
  13 wolves
  3 centaurs
  4 lemures (D:5)
  A phantom (D:6)
  2 kobold brigands
  A wyvern zombie (D:7)
  11 bullfrogs
  A gnoll sergeant (D:9)
  A scorpion (D:5)
  7 killer bees
  A wight (D:9)
  A howler monkey (D:13)
  An electric eel (D:12)
  A bullfrog zombie (D:6)
  A crimson imp (Abyss:1)
  3 centaur zombies
  A jelly (D:5)
  Crazy Yiuf (D:5)
  19 orc priests
  5 hounds
  3 bullfrog skeletons
  24 orc wizards
  3 iguanas
  A scorpion zombie (D:5)
  A killer bee zombie (D:5)
  4 small abominations (Abyss:1)
  2 mummies (D:9)
  3 howler monkey zombies
  4 gnolls (D:9)
  3 adders
  3 ufetubi
  A worm (D:4)
  2 dart slugs
  56 orcs
  3 ball pythons
  5 bats
  An endoplasm (D:1)
  2 giant cockroaches
  3 goblins
  10 hobgoblins
  8 jackals
  17 kobolds
  A quokka (D:4)
  3 frilled lizards
  3 rats (D:1)
  16 fulminant prisms
647 creatures vanquished.

Vanquished Creatures (others)
  A basilisk (Lair:6)
  A large abomination (Abyss:1)
  282 fulminant prisms
  52 fungi
  72 plants
  5 withered plants (D:9)
413 creatures vanquished.

Grand Total: 1060 creatures vanquished

Notes
Turn   | Place    | Note
-------+----------+-------------------------------------------
     0 | D:1      | miscthings the Djinni Conjurer began the quest for the Orb.
     0 | D:1      | Reached XP level 1. HP: 15/15 MP: 0/0
   219 | D:1      | Reached XP level 2. HP: 18/21 MP: 0/0
   638 | D:1      | Reached XP level 3. HP: 11/25 MP: 0/0
   638 | D:1      | Learned a level 1 spell: Freeze
  1542 | D:2      | Reached XP level 4. HP: 27/31 MP: 0/0
  1831 | D:2      | Found an iron altar of Okawaru.
  2234 | D:3      | Found a faded altar of an unknown god.
  2627 | D:4      | Reached XP level 5. HP: 32/35 MP: 0/0
  2627 | D:4      | Learned a level 2 spell: Static Discharge
  2716 | D:4      | Reached skill level 5 in Spellcasting
  3176 | D:4      | Found a staircase to the Ecumenical Temple.
  3188 | Temple   | Entered the Ecumenical Temple
  3297 | Temple   | Became a worshipper of Makhleb the Destroyer
  3329 | D:4      | Reached XP level 6. HP: 36/40 MP: 0/0
  3453 | D:4      | Found an ornate altar of the Wu Jian Council.
  3555 | D:5      | Entered Level 5 of the Dungeon
  3575 | D:5      | Found a large runed translucent door.
  3576 | D:5      | Found a large runed translucent door.
  3645 | D:5      | Noticed a black bear
  3650 | D:5      | Killed a black bear
  3961 | D:5      | Noticed a water moccasin
  3964 | D:5      | Reached XP level 7. HP: 39/45 MP: 0/0
  3964 | D:5      | Learned a level 2 spell: Ensorcelled Hibernation
  3967 | D:5      | Killed a water moccasin
  4080 | D:5      | Noticed Pikel
  4088 | D:5      | Killed Pikel
  4089 | D:5      | Reached XP level 8. HP: 39/50 MP: 0/0
  4519 | D:5      | Found a runed translucent door.
  4520 | D:5      | Noticed Crazy Yiuf
  4525 | D:5      | Killed Crazy Yiuf
  4734 | D:5      | Noticed Prince Ribbit
  4741 | D:5      | Killed Prince Ribbit
  4888 | D:5      | Found a hide-covered altar of Uskayaw.
  4895 | D:5      | Found a glowing silver altar of Zin.
  4904 | D:5      | Reached XP level 9. HP: 40/55 MP: 0/0
  4904 | D:5      | Learned a level 3 spell: Vampiric Draining
  5351 | D:6      | Noticed Menkaure
  5356 | D:6      | Killed Menkaure
  5585 | D:6      | Found a stormy altar of Qazlal.
  5796 | D:6      | Found Luutocy's Distillery.
  5799 | D:6      | Bought a potion of mutation for 80 gold pieces
  6447 | D:7      | Identified the +4 ring mail "Buas" {rElec Will+ MP-9}
  6472 | D:7      | Found a hazy altar of Hepliaklqana.
  6531 | D:7      | Reached skill level 1 in Armour
  6852 | D:8      | Noticed Maurice
  6856 | D:8      | Killed Maurice
  6857 | D:8      | Reached skill level 1 in Fighting
  6857 | D:8      | Reached skill level 1 in Evocations
  6927 | D:8      | Noticed a komodo dragon
  6935 | D:8      | Killed a komodo dragon
  6936 | D:8      | Reached XP level 10. HP: 57/64 MP: 0/0
  6940 | D:8      | Killed an unseen horror
  6941 | D:8      | Reached skill level 10 in Spellcasting
  6985 | D:8      | Reached * piety under Makhleb
  7216 | D:8      | You are sucked into a shaft and drop 2 floors!
  7216 | D:10     | Entered Level 10 of the Dungeon
  7216 | D:10     | Noticed a two-headed ogre
  7226 | D:10     | Found a shadowy altar of Dithmenos.
  7680 | D:8      | Found a staircase to the Lair.
  7783 | D:8      | Found Elazit's Armour Shoppe.
  8054 | D:9      | Reached skill level 5 in Dodging
  8304 | D:9      | Found a glowing golden altar of the Shining One.
  8568 | Lair:1   | Entered Level 1 of the Lair of Beasts
  8586 | Lair:1   | Noticed a black mamba
  8595 | Lair:1   | Killed a black mamba
  8596 | Lair:1   | Reached XP level 11. HP: 45/74 MP: 0/0
  8596 | Lair:1   | Learned a level 4 spell: Anguish
  8658 | Lair:1   | Reached ** piety under Makhleb
  8667 | Lair:1   | Reached skill level 5 in Fighting
  8667 | Lair:1   | Reached skill level 5 in Armour
  8667 | Lair:1   | Reached skill level 5 in Evocations
  8805 | Lair:1   | Found a dark tunnel.
  8867 | Lair:1   | Noticed a four-headed hydra
  8873 | Lair:1   | Killed a four-headed hydra
  8924 | Volcano  | Entered a volcano
  9145 | Volcano  | Noticed a deep elf pyromancer
  9148 | Volcano  | Noticed a deep elf pyromancer
  9154 | Volcano  | Killed a deep elf pyromancer
  9158 | Volcano  | Noticed a deep elf pyromancer
  9159 | Volcano  | Noticed a deep elf pyromancer
  9164 | Volcano  | Killed a deep elf pyromancer
  9167 | Volcano  | Killed a deep elf pyromancer
  9168 | Volcano  | Noticed a deep elf pyromancer
  9170 | Volcano  | Killed a deep elf pyromancer
  9281 | Volcano  | Killed a deep elf pyromancer
  9300 | Volcano  | Noticed a deep elf archer
  9455 | Volcano  | Killed a deep elf archer
  9456 | Volcano  | Reached XP level 12. HP: 56/83 MP: 0/0
  9672 | Volcano  | Identified the -5 pair of boots of Weirdness {Str+4 Dex+5}
 11247 | Lair:2   | Found a staircase to the Snake Pit.
 11548 | Lair:3   | Reached *** piety under Makhleb
 11554 | Lair:3   | Found a staircase to the Shoals.
 12003 | Lair:3   | Gained mutation: Your mind is acute. (Int +2) [potion of
                  | mutation]
 12408 | Lair:4   | Reached XP level 13. HP: 81/92 MP: 0/0
 12408 | Lair:4   | Learned a level 5 spell: Iskenderun's Battlesphere
 12496 | Lair:4   | Noticed a four-headed hydra
 12511 | Lair:4   | Killed a four-headed hydra
 12781 | Lair:4   | Identified the ring "Reutolil" {Int+4 Dex+6 Slay+3}
 13031 | Lair:4   | Reached skill level 10 in Dodging
 13185 | Lair:4   | Identified the amulet "Zoju" {Reflect Dex+3 SH+5 SInv}
 13846 | Lair:5   | Reached **** piety under Makhleb
 14362 | Lair:5   | Reached XP level 14. HP: 49/102 MP: 0/0
 14815 | Lair:5   | Reached skill level 10 in Fighting
 14815 | Lair:5   | Reached skill level 10 in Evocations
 14819 | Lair:5   | Noticed Snorg
 14830 | Lair:5   | Killed Snorg
 14844 | Lair:5   | Found a staircase to the Slime Pits.
 15111 | Lair:6   | Entered Level 6 of the Lair of Beasts
 15132 | Lair:6   | Reached ***** piety under Makhleb
 15145 | Lair:6   | HP: 2/105 [wind drake/the air (23)]
 15557 | Lair:6   | Reached XP level 15. HP: 84/112 MP: 0/0
 15557 | Lair:6   | Learned a level 6 spell: Statue Form
 16591 | D:10     | Identified the +6 rapier of Remyme {spect, rC+ Stlth+}
 16633 | D:10     | Reached ****** piety under Makhleb
 17068 | D:11     | Noticed Grum
 17072 | D:11     | Killed Grum
 17109 | D:11     | Noticed Nergalle
 17114 | D:11     | Killed Nergalle
 17115 | D:11     | Reached skill level 1 in Shields
 17167 | D:11     | Noticed Sonja
 17168 | D:11     | Noticed Sonja
 17168 | D:11     | Sonja changed into Sonja the rime drake
 17174 | D:11     | Killed Sonja the rime drake
 17454 | D:11     | Identified the +3 leather armour of Beyond {rF+ rC++}
 18175 | D:12     | Found a staircase to the Orcish Mines.
 18435 | Orc:1    | Entered Level 1 of the Orcish Mines
 18581 | Orc:1    | Reached XP level 16. HP: 70/121 MP: 0/0
 19105 | Orc:2    | Entered Level 2 of the Orcish Mines
 19481 | Orc:2    | Found Qeumahom's Antique Armour Shoppe.
 19481 | Orc:2    | Found Kasua's General Store.
 19483 | Orc:2    | Found Zirop's Antique Weapon Shoppe.
 19483 | Orc:2    | Found Xuenatus's Weapon Shop.
 19490 | Orc:2    | Reached skill level 5 in Shields
 19502 | Orc:2    | Bought a pair of embroidered gloves for 225 gold pieces
 19535 | Orc:2    | Found a shimmering altar of Xom.
 19728 | Orc:1    | Noticed Fannar
 19728 | Orc:1    | Found a burning altar of Makhleb.
 19729 | Orc:1    | Noticed Erolcha
 19755 | Orc:1    | Cast into level 1 of the Abyss (Erolcha)
 19892 | Abyss:1  | Found a hazy altar of Hepliaklqana.
 20002 | Abyss:1  | Noticed a daeva
 20003 | Abyss:1  | Noticed a revenant
 20019 | Abyss:1  | Found a corrupted altar of Lugonu.
 20115 | Abyss:1  | Found a corrupted altar of Lugonu.
 20118 | Abyss:1  | Found a corrupted altar of Lugonu.
 20163 | Abyss:1  | HP: 1/122 [wretched star/lance of force (29)]
 20220 | Abyss:1  | Noticed a tentacled starspawn
 20221 | Orc:1    | Escaped the Abyss
 20226 | Orc:1    | Killed Erolcha
 20783 | Orc:1    | Killed Fannar
 21610 | D:13     | Found a gate to the Vaults.
 21753 | D:13     | Identified the amulet of Eceis {Faith Will+}
 21785 | D:13     | Noticed an iron dragon
 21806 | D:13     | Killed an iron dragon
 21924 | D:13     | Noticed a tengu reaver
 21927 | D:13     | HP: 4/115 [tengu reaver/bolt of lightning (5)]
 21931 | D:13     | Killed from afar by a tengu reaver

Illustrated notes

Levels and vault maps discovered:
D:1:      lightli_arrival_quake, layout_loops_corners, serial_park_tiny_pond,
          minmay_misc_feat_x, minmay_vboxes
D:2:      layout_basic, basic_altar
D:3:      layout_rooms, ebering_ecumenical_altar_mist
D:4:      layout_basic, pdpol_wu_jian_five_deadly_venoms, temple_fountains
D:5:      layout_layer_cave, jmf_multi_god_temple2, uniq_pikel,
          uniq_crazy_yiuf_cottage, uniq_prince_ribbit1
D:6:      layout_cave_pools, nicolae_qazlal_scattered_showers, serial_shops,
          nicolae_shop_behind_doors, uniq_menkaure
D:7:      layout_basic, old_standard_altar
D:8:      layout_basic, grunt_lair_entry_orc_guard_hut, enter_bailey_6,
          serial_shops, shop, uniq_maurice
D:9:      layout_rooms, lemuel_round_altar, serial_undead, serial_undead_b,
          serial_undead_f, serial_undead_d, serial_undead_f
D:10:     layout_roguey, nicolae_dithmenos_shadow_blocks
D:11:     layout_roguey, uniq_grum, uniq_sonja, uniq_nergalle
D:12:     layout_rooms, kennysheep_path_1, moated_statue,
          minmay_misc_feat_encased, minivault_5, grunt_decor_junction
D:13:     minmay_tearing_corner, layout_basic, david_vaults_5, serial_aquarium,
          aquarium_bridge_island_small [aquarium_subvault_small_water,
          aquarium_subvault_wall, aquarium_subvault_window,
          aquarium_subvault_bridge, aquarium_subvault_wall],
          aquarium_bridge_straight [aquarium_subvault_bridge,
          aquarium_subvault_wall, aquarium_subvault_bridge,
          aquarium_subvault_wall], aquarium_window_corridor_3,
          aquarium_window_fake, aquarium_view_2b, aquarium_pool_split,
          abandoned_shop, minmay_increasing_density
Temple:   regret_index_temple_waves
Lair:1:   layout_misc_corridors, nicolae_volcano_entry_hallway
Lair:2:   layout_cave_pods, minmay_snake_entry_guardpost_medium, st_stairs_12,
          grunt_megastairs_1, lemuel_fruit_tree
Lair:3:   layout_long_grid, minmay_shoals_entry_beasts, serial_bayou_shore_b
Lair:4:   layout_layer_cave, lemuel_fruit_fields
Lair:5:   layout_layer_cave, slime_dummy, infiniplex_staircase_pool_2,
          uniq_snorg
Lair:6:   gammafunk_lair_ancient_temple, layout_cave_shapes,
          kennysheep_basilisk_garden
Orc:1:    layout_caves, basic_altar, bloody_makhleb, uniq_fannar, uniq_erolcha
Orc:2:    grunt_orc_tribal_feast, layout_caves, basic_altar, lightli_orcish_oven

Skill      XL: |  1  2  3  4  5  6  7  8  9 10 11 12 13 14 15 16 |
---------------+-------------------------------------------------+-----
Spellcasting   | 4 5 6 7 8 9 10 11 12 13 14 | 14.6
Armour         | 2 4 5 |  5.0
Fighting       | 2 4 6 8 9 11 13 14 | 14.3
Dodging        | 3 5 7 9 10 12 13 | 13.6
Evocations     | 2 4 6 8 9 10 | 10.0
Shields        | 3 6 |  6.7
Stealth        | |  1.5

Action                   |  1- 3 |  4- 6 |  7- 9 | 10-12 | 13-15 | 16-18 || total
-------------------------+-------+-------+-------+-------+-------+-------++-------
Melee: Staff             |       |       |       |     3 |    11 |     2 ||    16
Throw: Dart              |       |       |       |       |       |     2 ||     2
 Cast: Magic Dart        |    26 |       |       |       |       |       ||    26
       Searing Ray       |    18 |    31 |    34 |    79 |    70 |    31 ||   263
       Static Discharge  |       |     2 |       |       |       |       ||     2
       Fulminant Prism   |       |     1 |     7 |    48 |   139 |   104 ||   299
       Iskenderun's Myst |       |       |     8 |    68 |   168 |   100 ||   344
       Anguish           |       |       |       |     4 |       |       ||     4
       Iskenderun's Batt |       |       |       |       |     5 |       ||     5
       Statue Form       |       |       |       |       |       |     2 ||     2
Evoke: Wand              |       |       |       |       |     3 |     1 ||     4
       Phial of floods   |       |       |       |       |       |     1 ||     1
  Use: Scroll            |       |     1 |    11 |     5 |     3 |     7 ||    27
       Potion            |       |       |       |     1 |     1 |     5 ||     7
 Stab: Distracted        |       |       |       |     1 |       |       ||     1
Armor: Robe              |    10 |     2 |    14 |       |       |       ||    26
       Ring mail         |       |       |       |    52 |    56 |    10 ||   118
       Leather armour    |       |       |       |       |       |     6 ||     6
       Skin              |       |       |       |       |       |     1 ||     1
Dodge: Dodged            |    14 |    11 |    20 |    70 |    92 |    56 ||   263
Block: Other             |       |       |       |       |    20 |       ||    20
       Buckler           |       |       |       |       |    15 |    54 ||    69
       Reflection        |       |       |       |       |     3 |    10 ||    13

Table legend: (Time is in decaauts)
 A = Elapsed time spent in this place.
 B = Non-inter-level travel time spent in this place.
 C = Inter-level travel time spent in this place.
 D = Time resting spent in this place.
 E = Time spent auto-exploring this place.
 F = Levels seen in this place.
 G = Mean time per level.
                   A        B        C        D        E       F      G
               +--------+--------+--------+--------+--------+-----+--------+
         Total |  22015 |  21248 |    767 |   5505 |  11553 |  24 |  917.3 |
       Dungeon |  11716 |  11341 |    375 |   2299 |   6987 |  13 |  901.2 |
        Temple |    130 |    109 |     21 |      0 |     80 |   1 |  130.0 |
          Lair |   6995 |   6696 |    299 |   1867 |   3558 |   6 | 1165.8 |
  Orcish Mines |   1904 |   1833 |     71 |    578 |    846 |   2 |  952.0 |
         Abyss |    466 |    466 |      0 |    172 |     47 |   1 |  466.0 |
       Volcano |    801 |    801 |      0 |    589 |     35 |   1 |  801.0 |
               +--------+--------+--------+--------+--------+-----+--------+

Top non-repeatable levels by time:
  Lair:4: 1975 daAuts
     D:5: 1587 daAuts
  Lair:2: 1385 daAuts
     D:1: 1277 daAuts
    D:13: 1173 daAuts
  Lair:5: 1166 daAuts
   Orc:1: 964 daAuts
     D:7: 946 daAuts
   Orc:2: 940 daAuts
     D:2: 914 daAuts
     D:8: 902 daAuts
    D:10: 873 daAuts
  Lair:3: 862 daAuts
  Lair:1: 828 daAuts
     D:4: 805 daAuts
